[ AOE2 MATCH · #478631100 ]
UnrankedBritons vs Bohemians
[ REPLAY ANALYSIS · EXTRACTED FROM THE RECORDED GAME ]
Feudal
—
Castle
—
Imperial
—
| APM avg | 31.3 |
| APM peak | 61 |
| eAPM avg | 25.1 |
| Villagers / military | 159 / 761 |
Focus
⚔️ 68.9% · 🌾 31.1%
Spearman ×451 · Longbowman ×281 · Trade Cart ×51 · Militia ×16 · Archer ×13
Feudal
9:47
Castle
13:45
Imperial
29:31
| APM avg | 27.3 |
| APM peak | 78 |
| eAPM avg | 21.3 |
| Villagers / military | 161 / 370 |
Focus
⚔️ 29.2% · 🌾 70.8%
Hussite Wagon ×286 · Spearman ×61 · Trade Cart ×50 · Bombard Cannon ×22 · Monk ×1
Feudal
11:29
Castle
15:41
Imperial
31:12
| APM avg | 36.9 |
| APM peak | 87 |
| eAPM avg | 25.6 |
| Villagers / military | 143 / 375 |
Focus
⚔️ 37.3% · 🌾 62.7%
Camel Archer ×352 · Trade Cart ×65 · Genitour ×12 · Trebuchet (Packed) ×9 · Mangonel ×2
Feudal
9:16
Castle
19:45
Imperial
33:28
| APM avg | 37.0 |
| APM peak | 104 |
| eAPM avg | 17.7 |
| Villagers / military | 153 / 341 |
Focus
⚔️ 33.7% · 🌾 66.3%
Camel Scout ×173 · Scout Cavalry ×120 · Trade Cart ×68 · Bombard Cannon ×47 · Monk ×1
Feudal
9:17
Castle
19:02
Imperial
34:18
| APM avg | 45.4 |
| APM peak | 108 |
| eAPM avg | 25.0 |
| Villagers / military | 148 / 336 |
Focus
⚔️ 46.3% · 🌾 53.7%
War Elephant ×315 · Trade Cart ×47 · Camel Scout ×7 · Scout Cavalry ×5 · Knight ×4 · Spearman ×3
Feudal
9:25
Castle
20:21
Imperial
35:15
| APM avg | 41.3 |
| APM peak | 102 |
| eAPM avg | 21.7 |
| Villagers / military | 127 / 235 |
Focus
⚔️ 44.1% · 🌾 55.9%
Spearman ×140 · Skirmisher ×90 · Trade Cart ×5 · Fire Lancer ×3 · Monk ×2
Feudal
13:14
Castle
16:49
Imperial
21:15
| APM avg | 44.7 |
| APM peak | 94 |
| eAPM avg | 27.2 |
| Villagers / military | 120 / 167 |
Focus
⚔️ 27.5% · 🌾 72.5%
Hand Cannoneer ×102 · Bombard Cannon ×64 · Trade Cart ×16 · Monk ×1
Feudal
9:17
Castle
13:21
Imperial
28:41
| APM avg | 47.6 |
| APM peak | 91 |
| eAPM avg | 26.0 |
| Villagers / military | 140 / 277 |
Focus
⚔️ 23.0% · 🌾 77.0%
Mangudai ×179 · Mangonel ×95 · Trade Cart ×59 · Monk ×3
Match map
Initial resources + every placement click. Lines = walls · curves = elevation contours. ◆ gold · ⬟ stone · ● berries · ✦ relic · ◌ wall gap
Your base· ✓ Closed at 12:20 · 0t walls · no gate
PedrodeMatos's base· ✓ Closed at 13:45 · 3t walls · no gate
Buhr's base· ✓ Closed at 15:41 · 28t walls · no gate
The Bloody-Nine's base· ✓ Closed at 19:45 · 0t walls · no gate
_xRegulusx_'s base· ✓ Closed at 19:02 · 3t walls · no gate
abcdefghijklmnopq_stuvwxyz's base· ✓ Closed at 20:21 · 22t walls · 1 gate(s)
Supremo21's base· ✓ Closed at 16:49 · 2t walls · no gate
Dots's base· ✓ Closed at 13:21 · 0t walls · no gate
Smoothed initial terrain · ◌ = detected wall gap · hover for details
Inputs per minute
— A Mongolito - - PedrodeMatos
Build order — A Mongolito
First 150 of 489 actions detected
| 0:02 | Create | Villager (Male) ×4 |
| 0:04 | Build | House |
| 0:22 | Build | House |
| 1:30 | Build | Lumber Camp |
| 1:37 | Create | Villager (Male) |
| 2:08 | Create | Villager (Male) |
| 2:08 | Create | Villager (Male) |
| 2:47 | Create | Villager (Male) |
| 3:20 | Create | Villager (Male) |
| 3:32 | Build | House |
| 3:52 | Create | Villager (Male) |
| 3:53 | Create | Villager (Male) |
| 4:34 | Create | Villager (Male) |
| 4:41 | Build | House |
| 5:03 | Create | Villager (Male) |
| 5:04 | Create | Villager (Male) |
| 5:21 | Create | Villager (Male) |
| 5:22 | Create | Villager (Male) |
| 5:56 | Build | Mill |
| 6:03 | Build | House |
| 6:36 | Create | Villager (Male) |
| 6:36 | Create | Villager (Male) |
| 7:33 | Create | Villager (Male) |
| 7:33 | Create | Villager (Male) |
| 8:09 | Build | Mining Camp |
| 8:21 | Create | Villager (Male) |
| 8:52 | Create | Villager (Male) |
| 9:01 | Research | Feudal Age |
| 10:59 | Create | Villager (Male) |
| 11:00 | Create | Villager (Male) |
| 11:04 | Research | Loom |
| 11:38 | Build | Market |
| 11:43 | Build | Blacksmith |
| 12:20 | Research | Castle Age |
| 12:24 | Research | Double-Bit Axe |
| 12:26 | Research | Horse Collar |
| 13:19 | Build | House |
| 13:21 | Build | House |
| 14:35 | Create | Villager (Male) |
| 15:05 | Build | Town Center |
| 15:14 | Build | Town Center |
| 15:28 | Build | Town Center |
| 15:29 | Create | Villager (Male) |
| 15:33 | Build | Farm |
| 15:36 | Research | Bow Saw |
| 15:41 | Build | Farm |
| 15:41 | Build | Farm |
| 15:42 | Build | Farm |
| 15:43 | Build | Farm |
| 15:56 | Build | Farm |
| 15:57 | Build | Farm |
| 15:57 | Build | Farm |
| 15:58 | Build | Farm |
| 16:03 | Build | Farm |
| 16:03 | Build | Farm |
| 16:03 | Build | Farm |
| 16:04 | Build | Farm |
| 16:05 | Create | Villager (Male) ×2 |
| 16:05 | Create | Villager (Male) |
| 16:30 | Create | Villager (Male) |
| 16:41 | Create | Villager (Male) |
| 16:48 | Build | Farm |
| 16:56 | Build | Farm |
| 17:00 | Build | Farm |
| 17:05 | Create | Villager (Male) |
| 17:09 | Create | Villager (Male) |
| 17:10 | Create | Villager (Male) |
| 17:18 | Build | Farm |
| 17:25 | Create | Villager (Male) |
| 17:39 | Build | Farm |
| 17:40 | Build | Farm |
| 17:42 | Create | Villager (Male) |
| 17:42 | Create | Villager (Male) |
| 17:48 | Build | Farm |
| 17:58 | Build | Farm |
| 17:59 | Build | Farm |
| 18:02 | Create | Villager (Male) |
| 18:06 | Create | Villager (Male) |
| 18:13 | Build | House |
| 18:14 | Build | House |
| 18:20 | Create | Villager (Male) |
| 18:30 | Build | Farm |
| 18:32 | Build | Farm |
| 18:35 | Create | Villager (Male) |
| 18:35 | Create | Villager (Male) |
| 18:43 | Create | Villager (Male) |
| 18:52 | Build | Farm |
| 18:52 | Build | Farm |
| 18:55 | Create | Villager (Male) |
| 18:58 | Build | Farm |
| 19:04 | Create | Villager (Male) |
| 19:07 | Build | Farm |
| 19:08 | Create | Villager (Male) |
| 19:18 | Build | Farm |
| 19:20 | Create | Villager (Male) |
| 19:32 | Build | Farm |
| 19:34 | Create | Villager (Male) |
| 19:34 | Create | Villager (Male) |
| 19:34 | Create | Villager (Male) |
| 19:41 | Build | Farm |
| 19:42 | Build | Farm |
| 19:44 | Build | Farm |
| 19:47 | Create | Villager (Male) |
| 19:54 | Build | Farm |
| 19:54 | Build | Farm |
| 19:55 | Build | Farm |
| 19:58 | Create | Villager (Male) |
| 19:58 | Create | Villager (Male) |
| 19:58 | Create | Villager (Male) |
| 20:06 | Create | Villager (Male) |
| 20:13 | Build | Farm |
| 20:18 | Build | Farm |
| 20:20 | Create | Villager (Male) |
| 20:21 | Create | Villager (Male) |
| 20:27 | Build | Farm |
| 20:29 | Create | Villager (Male) |
| 20:29 | Create | Villager (Male) |
| 20:30 | Create | Villager (Male) |
| 20:37 | Create | Villager (Male) |
| 20:52 | Create | Villager (Male) |
| 20:58 | Build | Mining Camp |
| 21:02 | Create | Villager (Male) |
| 21:02 | Create | Villager (Male) |
| 21:03 | Create | Villager (Male) |
| 21:10 | Build | Farm |
| 21:11 | Build | Farm |
| 21:13 | Create | Villager (Male) |
| 21:19 | Build | House |
| 21:26 | Build | Farm |
| 21:33 | Build | House |
| 21:33 | Build | House |
| 21:35 | Research | Wheelbarrow |
| 21:36 | Create | Villager (Male) |
| 21:36 | Create | Villager (Male) |
| 21:37 | Create | Villager (Male) |
| 21:53 | Build | Farm |
| 21:54 | Build | Farm |
| 21:54 | Build | Farm |
| 21:57 | Create | Villager (Male) |
| 21:57 | Create | Villager (Male) |
| 22:19 | Build | House |
| 22:21 | Build | House |
| 22:24 | Research | Gold Mining |
| 22:26 | Research | Stone Mining |
| 22:32 | Create | Villager (Male) |
| 22:32 | Create | Villager (Male) |
| 22:48 | Create | Villager (Male) |
| 22:49 | Create | Villager (Male) |
| 22:49 | Create | Villager (Male) |
| 23:08 | Create | Villager (Male) |
Build order — PedrodeMatos
First 150 of 564 actions detected
| 0:02 | Create | Villager (Male) |
| 0:03 | Build | House |
| 0:05 | Build | House |
| 0:17 | Create | Villager (Male) |
| 0:17 | Create | Villager (Male) |
| 0:17 | Create | Villager (Male) |
| 0:18 | Create | Villager (Male) |
| 1:38 | Create | Villager (Male) |
| 1:47 | Build | Lumber Camp |
| 1:56 | Create | Villager (Male) |
| 2:02 | Create | Villager (Male) |
| 2:22 | Create | Villager (Male) |
| 3:25 | Create | Villager (Male) |
| 3:25 | Create | Villager (Male) |
| 3:26 | Create | Villager (Male) |
| 3:37 | Build | House |
| 3:38 | Build | House |
| 3:45 | Build | House |
| 3:53 | Create | Villager (Male) |
| 4:31 | Create | Villager (Male) |
| 4:58 | Build | Mill |
| 5:05 | Create | Villager (Male) |
| 5:08 | Create | Villager (Male) |
| 5:32 | Create | Villager (Male) |
| 5:52 | Create | Villager (Male) |
| 6:26 | Create | Villager (Male) |
| 6:45 | Build | Mining Camp |
| 7:12 | Create | Villager (Male) |
| 7:31 | Research | Feudal Age |
| 8:58 | Create | Villager (Male) |
| 9:47 | Age | Feudal Age |
| 9:55 | Build | Market |
| 9:56 | Create | Villager (Male) |
| 10:02 | Build | Blacksmith |
| 10:26 | Create | Villager (Male) |
| 11:05 | Research | Castle Age |
| 11:12 | Build | House |
| 11:14 | Build | House |
| 11:38 | Research | Double-Bit Axe |
| 12:04 | Research | Horse Collar |
| 12:35 | Create | Villager (Male) |
| 12:59 | Build | Palisade Wall |
| 13:01 | Build | Palisade Wall |
| 13:02 | Build | Palisade Wall |
| 13:08 | Research | Loom |
| 13:45 | Age | Castle Age |
| 13:51 | Build | Monastery |
| 14:06 | Build | Town Center |
| 14:14 | Build | Town Center |
| 14:16 | Create | Villager (Male) |
| 14:37 | Research | Fervor |
| 14:43 | Research | Wheelbarrow |
| 14:55 | Build | Palisade Wall |
| 14:58 | Build | Palisade Wall |
| 15:15 | Build | Farm |
| 15:24 | Build | Farm |
| 15:29 | Build | Farm |
| 15:43 | Build | Farm |
| 16:00 | Build | Farm |
| 16:08 | Create | Villager (Male) |
| 16:09 | Create | Villager (Male) |
| 16:18 | Build | Farm |
| 16:24 | Build | Farm |
| 16:29 | Build | Farm |
| 16:35 | Create | Villager (Male) |
| 16:38 | Build | Farm |
| 17:01 | Create | Villager (Male) |
| 17:07 | Build | Farm |
| 17:21 | Build | Farm |
| 17:24 | Create | Villager (Male) |
| 17:24 | Create | Villager (Male) |
| 17:33 | Build | Farm |
| 17:35 | Create | Villager (Male) |
| 17:35 | Create | Villager (Male) |
| 17:48 | Build | Farm |
| 17:49 | Build | Farm |
| 17:52 | Create | Villager (Male) |
| 18:02 | Create | Villager (Male) |
| 18:11 | Build | Farm |
| 18:15 | Create | Villager (Male) |
| 18:15 | Create | Villager (Male) |
| 18:20 | Build | Farm |
| 18:26 | Create | Villager (Male) |
| 18:34 | Create | Villager (Male) |
| 18:34 | Create | Villager (Male) |
| 18:48 | Build | Farm |
| 18:49 | Create | Villager (Male) |
| 18:54 | Build | Farm |
| 18:57 | Create | Villager (Male) |
| 18:57 | Create | Villager (Male) |
| 19:04 | Build | Farm |
| 19:06 | Create | Villager (Male) |
| 19:07 | Create | Villager (Male) |
| 19:07 | Create | Villager (Male) |
| 19:15 | Build | Farm |
| 19:16 | Create | Villager (Male) |
| 19:23 | Create | Villager (Male) |
| 19:36 | Build | Farm |
| 19:37 | Create | Villager (Male) |
| 19:37 | Create | Villager (Male) |
| 19:39 | Create | Villager (Male) |
| 19:55 | Build | House |
| 19:56 | Build | House |
| 19:57 | Build | House |
| 20:00 | Create | Villager (Male) |
| 20:00 | Create | Villager (Male) |
| 20:15 | Build | Farm |
| 20:21 | Build | Farm |
| 20:27 | Create | Villager (Male) |
| 20:27 | Create | Villager (Male) |
| 20:45 | Create | Villager (Male) |
| 20:50 | Research | Heavy Plow |
| 20:52 | Create | Villager (Male) |
| 20:52 | Create | Villager (Male) |
| 21:12 | Build | House |
| 21:12 | Build | House |
| 21:15 | Create | Villager (Male) |
| 21:33 | Create | Villager (Male) |
| 21:33 | Create | Villager (Male) |
| 21:34 | Create | Villager (Male) |
| 21:36 | Build | Town Center |
| 21:45 | Build | Farm |
| 21:47 | Create | Villager (Male) |
| 21:47 | Create | Villager (Male) |
| 21:53 | Build | House |
| 22:00 | Build | Palisade Wall |
| 22:01 | Build | Palisade Wall |
| 22:03 | Build | Palisade Wall |
| 22:05 | Create | Villager (Male) |
| 22:06 | Create | Villager (Male) |
| 22:06 | Create | Villager (Male) |
| 22:14 | Create | Villager (Male) |
| 22:27 | Create | Villager (Male) |
| 22:28 | Create | Villager (Male) |
| 22:32 | Build | Farm |
| 22:33 | Build | Farm |
| 22:57 | Research | Hand Cart |
| 23:09 | Create | Villager (Male) |
| 23:09 | Create | Villager (Male) |
| 23:29 | Build | House |
| 23:34 | Build | Farm |
| 23:37 | Build | Farm |
| 23:38 | Create | Villager (Male) |
| 23:38 | Create | Villager (Male) |
| 23:38 | Create | Villager (Male) |
| 23:39 | Create | Villager (Male) |
| 23:39 | Create | Villager (Male) |
| 23:45 | Build | Farm |
| 24:07 | Build | Town Center |
| 24:10 | Create | Villager (Male) |
Build order — Buhr
First 150 of 526 actions detected
| 0:02 | Create | Villager (Male) ×4 |
| 0:03 | Build | House |
| 0:04 | Build | House |
| 1:29 | Create | Villager (Male) |
| 1:45 | Build | Lumber Camp |
| 2:00 | Create | Villager (Male) |
| 2:29 | Create | Villager (Male) |
| 2:49 | Build | House |
| 3:04 | Create | Villager (Male) |
| 3:04 | Create | Villager (Male) |
| 3:04 | Create | Villager (Male) |
| 3:33 | Create | Villager (Male) |
| 4:15 | Create | Villager (Male) |
| 4:15 | Create | Villager (Male) |
| 4:15 | Create | Villager (Male) |
| 4:36 | Build | House |
| 4:49 | Create | Villager (Male) |
| 4:49 | Create | Villager (Male) |
| 5:15 | Build | Mill |
| 5:16 | Create | Villager (Male) |
| 5:21 | Build | Mill |
| 6:08 | Create | Villager (Male) |
| 6:08 | Create | Villager (Male) |
| 6:18 | Create | Villager (Male) |
| 6:18 | Create | Villager (Male) |
| 7:24 | Build | Mining Camp |
| 7:34 | Build | House |
| 7:45 | Research | Loom |
| 8:01 | Research | Feudal Age |
| 8:20 | Create | Villager (Male) |
| 8:20 | Create | Villager (Male) |
| 8:20 | Create | Villager (Male) |
| 8:20 | Create | Villager (Male) |
| 9:00 | Build | Mining Camp |
| 9:05 | Build | Mining Camp |
| 9:16 | Research | Feudal Age |
| 9:46 | Build | Palisade Wall |
| 9:53 | Build | Palisade Wall |
| 10:07 | Create | Villager (Male) |
| 10:07 | Create | Villager (Male) |
| 10:30 | Build | Palisade Wall |
| 10:31 | Build | Palisade Wall |
| 10:46 | Build | Palisade Wall |
| 10:47 | Build | Palisade Wall |
| 10:49 | Build | Palisade Wall |
| 10:50 | Build | Palisade Wall |
| 11:29 | Age | Feudal Age |
| 11:39 | Build | Market |
| 11:52 | Build | Palisade Wall |
| 12:22 | Build | Blacksmith |
| 12:34 | Create | Villager (Male) |
| 13:01 | Research | Castle Age |
| 13:15 | Research | Double-Bit Axe |
| 14:10 | Research | Horse Collar |
| 14:35 | Build | Farm |
| 14:36 | Build | Farm |
| 14:37 | Build | Farm |
| 14:38 | Build | Farm |
| 14:39 | Build | Farm |
| 14:40 | Build | Farm |
| 15:19 | Create | Villager (Male) |
| 15:26 | Build | Farm |
| 15:41 | Age | Castle Age |
| 15:44 | Build | Town Center |
| 15:50 | Create | Villager (Male) |
| 15:52 | Build | Farm |
| 16:20 | Create | Villager (Male) |
| 16:39 | Build | Town Center |
| 16:42 | Create | Villager (Male) |
| 16:57 | Build | House |
| 16:58 | Build | House |
| 17:15 | Build | Farm |
| 17:20 | Build | Farm |
| 17:20 | Create | Villager (Male) |
| 17:24 | Build | House |
| 17:29 | Build | Farm |
| 17:35 | Build | Farm |
| 17:39 | Create | Villager (Male) |
| 18:01 | Create | Villager (Male) |
| 18:15 | Build | Town Center |
| 18:20 | Create | Villager (Male) |
| 18:29 | Build | Farm |
| 18:31 | Create | Villager (Male) |
| 18:42 | Create | Villager (Male) |
| 18:51 | Build | Lumber Camp |
| 18:54 | Create | Villager (Male) |
| 19:06 | Build | Farm |
| 19:10 | Create | Villager (Male) |
| 19:14 | Build | Farm |
| 19:22 | Create | Villager (Male) |
| 19:28 | Build | Farm |
| 19:34 | Build | Farm |
| 19:35 | Create | Villager (Male) |
| 19:43 | Create | Villager (Male) |
| 19:58 | Create | Villager (Male) |
| 20:01 | Build | Farm |
| 20:02 | Build | Farm |
| 20:03 | Build | Farm |
| 20:08 | Build | Farm |
| 20:09 | Create | Villager (Male) |
| 20:14 | Build | House |
| 20:14 | Build | House |
| 20:18 | Build | House |
| 20:19 | Create | Villager (Male) |
| 20:24 | Build | Farm |
| 20:26 | Build | Farm |
| 20:30 | Create | Villager (Male) |
| 20:41 | Research | Town Watch |
| 20:47 | Build | Outpost |
| 20:49 | Create | Villager (Male) |
| 20:59 | Build | Farm |
| 21:07 | Build | Town Center |
| 21:08 | Create | Villager (Male) |
| 21:09 | Create | Villager (Male) |
| 21:19 | Create | Villager (Male) |
| 21:19 | Create | Villager (Male) |
| 21:22 | Build | House |
| 21:23 | Build | House |
| 21:28 | Create | Villager (Male) |
| 21:31 | Create | Villager (Male) |
| 21:34 | Build | Farm |
| 21:38 | Build | Outpost |
| 21:47 | Build | Outpost |
| 21:49 | Create | Villager (Male) |
| 21:49 | Create | Villager (Male) |
| 22:06 | Research | Bow Saw |
| 22:21 | Research | Heavy Plow |
| 22:26 | Create | Villager (Male) |
| 22:31 | Build | House |
| 22:32 | Build | House |
| 22:52 | Build | Outpost |
| 22:54 | Create | Villager (Male) |
| 22:54 | Create | Villager (Male) |
| 22:54 | Create | Villager (Male) |
| 22:56 | Create | Villager (Male) |
| 22:57 | Create | Villager (Male) |
| 22:59 | Build | Farm |
| 23:08 | Create | Villager (Male) |
| 23:12 | Build | Farm |
| 23:12 | Build | Farm |
| 23:12 | Build | Farm |
| 23:18 | Build | Farm |
| 23:18 | Build | Farm |
| 23:19 | Build | Farm |
| 23:19 | Build | Farm |
| 23:20 | Create | Villager (Male) |
| 23:21 | Create | Villager (Male) |
| 23:25 | Build | Farm |
| 23:30 | Create | Villager (Male) |
| 23:30 | Create | Villager (Male) |
Build order — The Bloody-Nine
First 150 of 577 actions detected
| 0:00 | Create | Villager (Male) |
| 0:01 | Create | Villager (Male) |
| 0:01 | Create | Villager (Male) |
| 0:04 | Build | House |
| 0:05 | Build | House |
| 0:08 | Create | Villager (Male) |
| 1:25 | Create | Villager (Male) |
| 1:45 | Build | Lumber Camp |
| 2:01 | Create | Villager (Male) |
| 2:17 | Create | Villager (Male) |
| 2:51 | Create | Villager (Male) |
| 3:06 | Create | Villager (Male) |
| 3:42 | Create | Villager (Male) |
| 3:49 | Build | House |
| 3:50 | Build | House |
| 4:06 | Create | Villager (Male) |
| 4:34 | Create | Villager (Male) |
| 4:35 | Create | Villager (Male) |
| 4:35 | Create | Villager (Male) |
| 4:37 | Build | Mill |
| 4:57 | Create | Villager (Male) |
| 5:25 | Create | Villager (Male) |
| 6:10 | Create | Villager (Male) |
| 6:57 | Research | Feudal Age |
| 7:08 | Build | Lumber Camp |
| 8:23 | Build | Barracks |
| 8:55 | Create | Villager (Male) |
| 9:16 | Age | Feudal Age |
| 9:21 | Build | Stable |
| 9:39 | Create | Villager (Male) |
| 9:45 | Build | House |
| 9:48 | Research | Double-Bit Axe |
| 10:06 | Create | Villager (Male) |
| 10:21 | Create | Scout Cavalry |
| 10:21 | Create | Scout Cavalry |
| 10:31 | Create | Villager (Male) |
| 10:34 | Build | House |
| 10:35 | Build | House |
| 10:37 | Build | Blacksmith |
| 10:40 | Research | Horse Collar |
| 10:59 | Build | House |
| 11:07 | Build | House |
| 11:16 | Build | Stable |
| 11:17 | Create | Villager (Male) |
| 11:22 | Create | Scout Cavalry |
| 11:40 | Build | Farm |
| 11:41 | Build | Farm |
| 11:44 | Build | Farm |
| 11:47 | Build | Farm |
| 11:48 | Create | Villager (Male) |
| 11:55 | Create | Scout Cavalry |
| 12:13 | Create | Villager (Male) |
| 12:15 | Build | Farm |
| 12:26 | Build | Farm |
| 12:52 | Create | Villager (Male) |
| 13:05 | Create | Villager (Male) |
| 13:09 | Build | Farm |
| 13:26 | Create | Villager (Male) |
| 13:29 | Build | Farm |
| 13:34 | Build | House |
| 13:45 | Research | Forging |
| 14:07 | Create | Villager (Male) |
| 14:12 | Build | Lumber Camp |
| 14:16 | Build | Mining Camp |
| 14:24 | Create | Villager (Male) |
| 14:36 | Build | Farm |
| 14:37 | Build | Farm |
| 14:40 | Build | Farm |
| 15:08 | Create | Villager (Male) |
| 15:11 | Build | Farm |
| 15:15 | Build | Market |
| 15:17 | Build | Farm |
| 15:21 | Build | Farm |
| 15:31 | Create | Villager (Male) |
| 15:42 | Build | House |
| 15:57 | Create | Villager (Male) |
| 16:00 | Build | Farm |
| 16:04 | Build | Farm |
| 16:06 | Create | Villager (Male) |
| 16:11 | Build | House |
| 17:05 | Research | Castle Age |
| 17:31 | Build | House |
| 18:19 | Build | House |
| 18:37 | Build | Lumber Camp |
| 19:16 | Create | Villager (Male) |
| 19:38 | Build | House |
| 19:45 | Age | Castle Age |
| 19:52 | Build | Town Center |
| 19:57 | Build | Town Center |
| 20:03 | Build | Town Center |
| 20:08 | Research | Heavy Plow |
| 20:08 | Create | Villager (Male) |
| 20:12 | Build | House |
| 20:44 | Create | Villager (Male) |
| 20:45 | Create | Villager (Male) |
| 21:15 | Create | Villager (Male) |
| 21:24 | Create | Villager (Male) |
| 21:28 | Create | Villager (Male) |
| 21:42 | Build | Monastery |
| 21:43 | Create | Villager (Male) |
| 21:48 | Create | Villager (Male) |
| 22:01 | Create | Villager (Male) |
| 22:05 | Create | Villager (Male) |
| 22:08 | Research | Wheelbarrow |
| 22:13 | Create | Villager (Male) |
| 22:17 | Build | Farm |
| 22:17 | Create | Villager (Male) |
| 22:24 | Create | Villager (Male) |
| 22:29 | Create | Monk |
| 22:39 | Build | Outpost |
| 22:40 | Create | Villager (Male) |
| 22:40 | Create | Villager (Male) |
| 22:43 | Create | Villager (Male) |
| 23:04 | Create | Villager (Male) |
| 23:05 | Create | Villager (Male) |
| 23:09 | Build | Farm |
| 23:10 | Build | Farm |
| 23:11 | Build | Farm |
| 23:12 | Build | Farm |
| 23:13 | Build | Farm |
| 23:14 | Build | Farm |
| 23:15 | Create | Villager (Male) |
| 23:19 | Build | Farm |
| 23:20 | Build | Farm |
| 23:21 | Build | Farm |
| 23:23 | Create | Villager (Male) |
| 23:27 | Create | Villager (Male) |
| 23:42 | Create | Villager (Male) |
| 23:42 | Create | Villager (Male) |
| 23:43 | Create | Villager (Male) |
| 23:46 | Build | Farm |
| 23:49 | Build | Farm |
| 23:50 | Build | Farm |
| 23:51 | Create | Villager (Male) |
| 23:52 | Create | Villager (Male) |
| 23:53 | Create | Villager (Male) |
| 23:54 | Create | Villager (Male) |
| 23:56 | Build | House |
| 23:57 | Build | House |
| 23:59 | Create | Villager (Male) |
| 24:01 | Create | Villager (Male) |
| 24:03 | Create | Villager (Male) |
| 24:07 | Build | Farm |
| 24:07 | Create | Villager (Male) |
| 24:10 | Build | Lumber Camp |
| 24:15 | Create | Villager (Male) |
| 24:15 | Create | Villager (Male) |
| 24:16 | Create | Villager (Male) |
| 24:34 | Build | Outpost |
| 24:41 | Create | Villager (Male) |
Build order — _xRegulusx_
First 150 of 756 actions detected
| 0:01 | Create | Villager (Male) |
| 0:01 | Create | Villager (Male) |
| 0:02 | Create | Villager (Male) |
| 0:03 | Build | House |
| 0:06 | Build | House |
| 0:59 | Create | Villager (Male) |
| 0:59 | Create | Villager (Male) |
| 1:00 | Create | Villager (Male) |
| 1:25 | Create | Villager (Male) |
| 1:54 | Build | Lumber Camp |
| 2:15 | Create | Villager (Male) |
| 2:16 | Create | Villager (Male) |
| 2:16 | Create | Villager (Male) |
| 2:52 | Create | Villager (Male) |
| 3:12 | Create | Villager (Male) |
| 3:13 | Create | Villager (Male) |
| 3:19 | Build | House |
| 3:56 | Build | House |
| 4:11 | Create | Villager (Male) |
| 4:11 | Create | Villager (Male) |
| 4:27 | Build | Mill |
| 4:34 | Create | Villager (Male) |
| 4:34 | Create | Villager (Male) |
| 4:52 | Create | Villager (Male) |
| 4:52 | Create | Villager (Male) |
| 5:13 | Create | Villager (Male) |
| 5:13 | Create | Villager (Male) |
| 5:38 | Create | Villager (Male) |
| 5:39 | Create | Villager (Male) |
| 5:39 | Create | Villager (Male) |
| 5:58 | Create | Villager (Male) |
| 5:58 | Create | Villager (Male) |
| 5:59 | Create | Villager (Male) |
| 6:13 | Create | Villager (Male) |
| 6:13 | Create | Villager (Male) |
| 6:33 | Create | Villager (Male) |
| 7:13 | Research | Feudal Age |
| 7:37 | Build | Barracks |
| 8:12 | Build | House |
| 9:17 | Age | Feudal Age |
| 9:18 | Build | Stable |
| 9:34 | Create | Villager (Male) |
| 9:35 | Research | Double-Bit Axe |
| 9:36 | Research | Horse Collar |
| 9:36 | Research | Horse Collar |
| 9:58 | Create | Villager (Male) |
| 9:59 | Create | Villager (Male) |
| 10:00 | Create | Scout Cavalry |
| 10:00 | Create | Scout Cavalry |
| 10:02 | Build | House |
| 10:03 | Build | House |
| 10:11 | Create | Spearman |
| 10:18 | Build | Farm |
| 10:20 | Build | Farm |
| 10:22 | Create | Villager (Male) |
| 10:38 | Create | Villager (Male) |
| 10:59 | Create | Scout Cavalry |
| 11:14 | Create | Villager (Male) |
| 11:36 | Create | Scout Cavalry |
| 11:36 | Create | Villager (Male) |
| 11:36 | Create | Villager (Male) |
| 11:58 | Create | Villager (Male) |
| 12:00 | Build | Farm |
| 12:01 | Build | Farm |
| 12:06 | Create | Spearman |
| 12:15 | Build | Farm |
| 12:16 | Build | Farm |
| 12:23 | Build | Farm |
| 12:26 | Create | Spearman |
| 12:46 | Build | Farm |
| 12:47 | Build | Farm |
| 12:49 | Create | Villager (Male) |
| 13:16 | Create | Villager (Male) |
| 13:18 | Build | Farm |
| 13:33 | Create | Scout Cavalry |
| 13:34 | Create | Villager (Male) |
| 13:39 | Build | Farm |
| 13:40 | Build | Farm |
| 13:57 | Create | Villager (Male) |
| 14:08 | Create | Villager (Male) |
| 14:27 | Create | Villager (Male) |
| 14:35 | Build | Mining Camp |
| 15:02 | Build | Farm |
| 15:05 | Build | Farm |
| 15:08 | Build | Blacksmith |
| 15:17 | Create | Villager (Male) |
| 15:22 | Build | House |
| 15:46 | Build | House |
| 15:52 | Build | Palisade Wall |
| 16:04 | Build | Lumber Camp |
| 16:07 | Build | House |
| 16:11 | Build | Palisade Wall |
| 16:14 | Create | Villager (Male) |
| 16:33 | Research | Castle Age |
| 17:11 | Build | House |
| 17:16 | Build | Palisade Wall |
| 17:21 | Research | Gold Mining |
| 17:37 | Build | Farm |
| 17:39 | Build | Farm |
| 17:40 | Research | Bloodlines |
| 17:58 | Build | Farm |
| 19:02 | Age | Castle Age |
| 19:05 | Build | Town Center |
| 19:06 | Create | Villager (Male) |
| 19:07 | Research | Bow Saw |
| 19:07 | Research | Bow Saw |
| 19:21 | Create | Villager (Male) |
| 19:30 | Research | Heavy Plow |
| 19:30 | Research | Heavy Plow |
| 19:32 | Create | Villager (Male) |
| 19:32 | Create | Villager (Male) |
| 20:05 | Create | Villager (Male) |
| 20:08 | Create | Camel Scout |
| 20:24 | Create | Camel Scout |
| 20:29 | Build | House |
| 20:32 | Build | House |
| 20:35 | Build | House |
| 20:38 | Create | Camel Scout |
| 20:40 | Create | Villager (Male) |
| 20:41 | Create | Villager (Male) |
| 20:41 | Create | Villager (Male) |
| 21:01 | Create | Villager (Male) |
| 21:09 | Create | Villager (Male) |
| 21:13 | Create | Camel Scout |
| 21:31 | Create | Villager (Male) |
| 21:44 | Build | Town Center |
| 21:52 | Create | Villager (Male) |
| 21:52 | Create | Villager (Male) |
| 21:54 | Research | Wheelbarrow |
| 21:54 | Research | Wheelbarrow |
| 22:07 | Create | Villager (Male) |
| 22:22 | Create | Villager (Male) |
| 22:26 | Build | Town Center |
| 22:35 | Create | Villager (Male) |
| 22:35 | Create | Villager (Male) |
| 22:49 | Create | Villager (Male) |
| 22:53 | Build | Farm |
| 22:54 | Build | Farm |
| 22:55 | Create | Villager (Male) |
| 22:58 | Build | Lumber Camp |
| 23:10 | Create | Villager (Male) |
| 23:23 | Build | House |
| 23:26 | Create | Villager (Male) |
| 23:39 | Build | Farm |
| 23:41 | Build | Farm |
| 23:43 | Create | Villager (Male) |
| 23:43 | Create | Villager (Male) |
| 23:46 | Create | Villager (Male) |
| 23:47 | Create | Villager (Male) |
| 23:48 | Create | Villager (Male) |
Build order — abcdefghijklmnopq_stuvwxyz
First 150 of 518 actions detected
| 0:02 | Create | Villager (Male) |
| 0:02 | Create | Villager (Male) |
| 0:03 | Build | House |
| 0:05 | Build | House |
| 0:07 | Create | Villager (Male) |
| 0:09 | Create | Villager (Male) |
| 1:25 | Create | Villager (Male) |
| 1:48 | Build | Lumber Camp |
| 1:59 | Create | Villager (Male) |
| 2:28 | Create | Villager (Male) |
| 2:28 | Create | Villager (Male) |
| 3:07 | Create | Villager (Male) |
| 3:26 | Build | House |
| 3:50 | Create | Villager (Male) |
| 3:56 | Build | Mill |
| 3:58 | Create | Villager (Male) |
| 4:17 | Create | Villager (Male) |
| 5:02 | Create | Villager (Male) |
| 5:09 | Create | Villager (Male) |
| 5:35 | Create | Villager (Male) |
| 5:43 | Build | House |
| 6:11 | Create | Villager (Male) |
| 6:27 | Build | Barracks |
| 6:30 | Research | Loom |
| 7:15 | Research | Feudal Age |
| 8:37 | Create | Villager (Male) |
| 9:25 | Age | Feudal Age |
| 9:26 | Create | Spearman |
| 9:27 | Create | Spearman |
| 9:27 | Create | Spearman |
| 9:45 | Create | Spearman |
| 9:52 | Build | Stone Wall |
| 9:55 | Create | Villager (Male) |
| 10:06 | Research | Double-Bit Axe |
| 10:08 | Build | House |
| 10:29 | Create | Villager (Male) |
| 11:06 | Create | Villager (Male) |
| 11:10 | Build | Farm |
| 11:11 | Research | Horse Collar |
| 11:58 | Create | Villager (Male) |
| 12:00 | Create | Spearman |
| 12:13 | Create | Villager (Male) |
| 12:19 | Build | Farm |
| 12:20 | Build | Farm |
| 12:20 | Build | Farm |
| 12:21 | Build | Farm |
| 12:22 | Build | Farm |
| 12:36 | Create | Villager (Male) |
| 12:40 | Build | Farm |
| 12:42 | Build | Farm |
| 12:48 | Create | Villager (Male) |
| 13:04 | Build | House |
| 13:34 | Build | Gate |
| 13:50 | Create | Villager (Male) |
| 13:54 | Build | Farm |
| 13:55 | Build | Farm |
| 13:57 | Build | Farm |
| 13:59 | Build | Farm |
| 14:08 | Create | Villager (Male) |
| 14:26 | Build | Mining Camp |
| 14:52 | Create | Villager (Male) |
| 15:05 | Create | Villager (Male) |
| 15:18 | Build | Lumber Camp |
| 15:32 | Create | Villager (Male) |
| 16:15 | Create | Villager (Male) |
| 16:18 | Research | Wheelbarrow |
| 16:28 | Build | Market |
| 16:50 | Build | Blacksmith |
| 16:54 | Create | Villager (Male) |
| 17:41 | Research | Castle Age |
| 17:45 | Build | House |
| 18:15 | Research | Stone Mining |
| 18:20 | Build | Mining Camp |
| 18:31 | Build | House |
| 19:20 | Build | House |
| 19:28 | Research | Gold Mining |
| 20:03 | Create | Villager (Male) |
| 20:21 | Age | Castle Age |
| 20:23 | Build | Town Center |
| 20:25 | Research | Bow Saw |
| 20:26 | Research | Heavy Plow |
| 20:30 | Create | Villager (Male) |
| 20:40 | Research | Gold Shaft Mining |
| 21:02 | Build | Farm |
| 21:11 | Create | Villager (Male) |
| 21:12 | Create | Villager (Male) |
| 21:19 | Build | Town Center |
| 21:22 | Create | Villager (Male) |
| 21:34 | Build | Monastery |
| 22:06 | Create | Villager (Male) |
| 22:12 | Build | Siege Workshop |
| 22:35 | Build | Lumber Camp |
| 22:36 | Create | Villager (Male) |
| 22:41 | Create | Monk |
| 22:52 | Create | Villager (Male) |
| 22:52 | Create | Villager (Male) |
| 22:55 | Create | Villager (Male) |
| 23:06 | Build | Farm |
| 23:18 | Create | Villager (Male) |
| 23:18 | Create | Villager (Male) |
| 23:22 | Research | Town Watch |
| 23:40 | Build | Outpost |
| 23:41 | Build | Outpost |
| 23:42 | Create | Villager (Male) |
| 23:42 | Create | Villager (Male) |
| 23:51 | Create | Villager (Male) |
| 23:54 | Build | Farm |
| 24:05 | Build | Town Center |
| 24:06 | Create | Villager (Male) |
| 24:06 | Create | Villager (Male) |
| 24:07 | Create | Villager (Male) |
| 24:09 | Build | Farm |
| 24:11 | Create | Villager (Male) |
| 24:13 | Create | Villager (Male) |
| 24:20 | Build | Farm |
| 24:21 | Create | Villager (Male) |
| 24:27 | Create | Trade Cart |
| 24:34 | Research | Caravan |
| 24:35 | Create | Villager (Male) |
| 24:37 | Build | Farm |
| 24:40 | Build | Farm |
| 24:43 | Build | Farm |
| 24:47 | Create | Villager (Male) |
| 25:06 | Create | Villager (Male) |
| 25:06 | Create | Villager (Male) |
| 25:07 | Create | Villager (Male) |
| 25:08 | Build | Farm |
| 25:10 | Build | Farm |
| 25:12 | Build | Farm |
| 25:14 | Build | Farm |
| 25:14 | Create | Villager (Male) |
| 25:15 | Create | Villager (Male) |
| 25:33 | Create | Monk |
| 25:38 | Build | Farm |
| 25:40 | Build | Farm |
| 25:40 | Create | Villager (Male) |
| 25:43 | Create | Villager (Male) |
| 25:58 | Build | Watch Tower |
| 26:03 | Build | Watch Tower |
| 26:21 | Create | Fire Lancer |
| 26:29 | Create | Fire Lancer |
| 26:37 | Create | Villager (Male) |
| 26:55 | Create | Villager (Male) |
| 27:02 | Create | Villager (Male) |
| 27:03 | Create | Villager (Male) |
| 27:13 | Create | Villager (Male) |
| 27:14 | Create | Villager (Male) |
| 27:23 | Build | Watch Tower |
| 27:27 | Research | Fletching |
| 27:27 | Create | Villager (Male) |
Build order — Supremo21
First 150 of 444 actions detected
| 0:02 | Create | Villager (Male) |
| 0:02 | Create | Villager (Male) |
| 0:04 | Build | House |
| 0:05 | Build | House |
| 0:23 | Create | Villager (Male) |
| 0:30 | Create | Villager (Male) |
| 1:33 | Create | Villager (Male) |
| 2:07 | Create | Villager (Male) |
| 2:07 | Create | Villager (Male) |
| 2:34 | Create | Villager (Male) |
| 2:34 | Create | Villager (Male) |
| 2:35 | Create | Villager (Male) |
| 3:14 | Create | Villager (Male) |
| 3:14 | Create | Villager (Male) |
| 3:33 | Create | Villager (Male) |
| 3:34 | Create | Villager (Male) |
| 3:45 | Create | Villager (Male) |
| 3:54 | Create | Villager (Male) |
| 4:08 | Create | Villager (Male) |
| 4:22 | Create | Villager (Male) |
| 4:37 | Create | Villager (Male) |
| 4:42 | Build | House |
| 5:08 | Create | Villager (Male) |
| 5:11 | Build | Lumber Camp |
| 5:13 | Create | Villager (Male) |
| 5:34 | Create | Villager (Male) |
| 5:41 | Create | Villager (Male) |
| 6:06 | Create | Villager (Male) |
| 6:18 | Create | Villager (Male) |
| 6:39 | Create | Villager (Male) |
| 7:02 | Build | House |
| 7:30 | Create | Villager (Male) |
| 7:35 | Create | Villager (Male) |
| 7:45 | Create | Villager (Male) |
| 8:06 | Build | House |
| 8:18 | Create | Villager (Male) |
| 8:44 | Build | Mining Camp |
| 9:06 | Create | Villager (Male) |
| 9:26 | Create | Villager (Male) |
| 9:42 | Build | Mill |
| 9:59 | Create | Villager (Male) |
| 10:19 | Build | Lumber Camp |
| 10:37 | Build | Farm |
| 10:37 | Build | Farm |
| 10:37 | Build | Farm |
| 10:37 | Build | Farm |
| 10:37 | Build | Farm |
| 10:38 | Build | Farm |
| 10:46 | Research | Feudal Age |
| 10:46 | Research | Feudal Age |
| 11:07 | Build | Farm |
| 11:19 | Build | Farm |
| 11:19 | Build | Farm |
| 12:33 | Create | Villager (Male) |
| 13:06 | Build | House |
| 13:14 | Age | Feudal Age |
| 13:19 | Build | Market |
| 13:22 | Build | Blacksmith |
| 13:27 | Build | Palisade Wall |
| 13:31 | Build | Palisade Wall |
| 13:33 | Create | Villager (Male) |
| 14:09 | Research | Castle Age |
| 14:23 | Research | Double-Bit Axe |
| 14:23 | Research | Double-Bit Axe |
| 14:46 | Build | Farm |
| 14:51 | Build | Farm |
| 15:13 | Build | Farm |
| 15:39 | Create | Villager (Male) |
| 16:49 | Age | Castle Age |
| 16:56 | Build | University |
| 17:01 | Create | Villager (Male) |
| 17:25 | Build | Siege Workshop |
| 17:40 | Create | Villager (Male) |
| 17:57 | Research | Imperial Age |
| 17:58 | Research | Imperial Age |
| 18:22 | Build | Lumber Camp |
| 18:45 | Build | House |
| 18:47 | Build | House |
| 18:50 | Build | House |
| 18:56 | Research | Horse Collar |
| 18:56 | Research | Horse Collar |
| 19:00 | Research | Gold Mining |
| 19:24 | Research | Bow Saw |
| 19:42 | Create | Villager (Male) |
| 20:40 | Create | Villager (Male) |
| 21:15 | Age | Imperial Age |
| 21:16 | Create | Bombard Cannon |
| 21:19 | Create | Villager (Male) |
| 22:02 | Build | Barracks |
| 22:04 | Create | Bombard Cannon |
| 22:11 | Create | Villager (Male) |
| 22:29 | Create | Bombard Cannon |
| 22:40 | Build | Archery Range |
| 22:46 | Create | Villager (Male) |
| 22:57 | Create | Bombard Cannon |
| 23:14 | Create | Hand Cannoneer |
| 23:26 | Create | Villager (Male) |
| 23:27 | Create | Villager (Male) |
| 23:33 | Create | Villager (Male) |
| 23:43 | Create | Bombard Cannon |
| 23:47 | Create | Hand Cannoneer |
| 23:49 | Create | Villager (Male) |
| 24:09 | Build | Archery Range |
| 24:14 | Create | Hand Cannoneer |
| 24:28 | Create | Hand Cannoneer |
| 24:43 | Create | Hand Cannoneer |
| 25:01 | Create | Villager (Male) |
| 25:08 | Build | Mining Camp |
| 25:10 | Create | Villager (Male) |
| 25:12 | Build | House |
| 25:39 | Create | Bombard Cannon |
| 25:42 | Create | Hand Cannoneer |
| 25:42 | Create | Hand Cannoneer |
| 25:45 | Build | House |
| 26:01 | Create | Villager (Male) |
| 26:09 | Create | Hand Cannoneer |
| 26:09 | Create | Hand Cannoneer |
| 26:09 | Create | Hand Cannoneer |
| 26:09 | Create | Hand Cannoneer |
| 26:11 | Create | Villager (Male) |
| 26:14 | Build | House |
| 26:28 | Create | Hand Cannoneer |
| 26:28 | Create | Hand Cannoneer |
| 27:08 | Build | Monastery |
| 27:09 | Create | Hand Cannoneer |
| 27:10 | Create | Hand Cannoneer |
| 27:21 | Create | Villager (Male) |
| 27:22 | Research | Loom |
| 27:23 | Research | Wheelbarrow |
| 27:28 | Create | Villager (Male) |
| 27:56 | Create | Monk |
| 27:58 | Build | Archery Range |
| 28:00 | Create | Hand Cannoneer |
| 28:01 | Create | Hand Cannoneer |
| 28:01 | Create | Hand Cannoneer |
| 28:01 | Create | Hand Cannoneer |
| 28:07 | Create | Villager (Male) |
| 28:09 | Build | House |
| 28:13 | Build | Lumber Camp |
| 28:17 | Build | House |
| 28:18 | Build | House |
| 28:18 | Build | House |
| 28:18 | Build | House |
| 28:18 | Build | House |
| 28:34 | Create | Hand Cannoneer |
| 28:34 | Create | Hand Cannoneer |
| 28:37 | Create | Hand Cannoneer |
| 29:43 | Create | Villager (Male) |
| 29:44 | Create | Villager (Male) |
| 29:48 | Build | Archery Range |
Build order — Dots
First 150 of 457 actions detected
| 0:01 | Create | Villager (Male) |
| 0:01 | Create | Villager (Male) |
| 0:01 | Create | Villager (Male) |
| 0:03 | Build | House |
| 0:04 | Build | House |
| 0:14 | Create | Villager (Male) |
| 1:27 | Create | Villager (Male) |
| 2:07 | Create | Villager (Male) |
| 2:14 | Build | Lumber Camp |
| 2:25 | Create | Villager (Male) |
| 2:51 | Create | Villager (Male) |
| 3:01 | Build | House |
| 3:15 | Create | Villager (Male) |
| 3:37 | Create | Villager (Male) |
| 3:51 | Create | Villager (Male) |
| 4:29 | Create | Villager (Male) |
| 4:50 | Create | Villager (Male) |
| 4:53 | Build | Mill |
| 5:20 | Create | Villager (Male) |
| 5:39 | Create | Villager (Male) |
| 6:06 | Build | House |
| 6:11 | Create | Villager (Male) |
| 6:37 | Create | Villager (Male) |
| 7:04 | Build | Mining Camp |
| 7:07 | Research | Feudal Age |
| 7:07 | Research | Feudal Age |
| 8:03 | Create | Villager (Male) |
| 8:03 | Create | Villager (Male) |
| 9:17 | Age | Feudal Age |
| 9:18 | Build | Market |
| 9:41 | Create | Villager (Male) |
| 9:58 | Build | Blacksmith |
| 10:41 | Research | Castle Age |
| 10:42 | Research | Castle Age |
| 11:05 | Research | Double-Bit Axe |
| 11:52 | Research | Horse Collar |
| 12:03 | Build | Farm |
| 12:04 | Build | Farm |
| 12:06 | Build | Farm |
| 12:23 | Build | Farm |
| 12:33 | Build | House |
| 13:20 | Create | Villager (Male) |
| 13:21 | Age | Castle Age |
| 13:23 | Build | Town Center |
| 13:25 | Research | Heavy Plow |
| 13:33 | Create | Villager (Male) |
| 13:51 | Build | Farm |
| 14:12 | Create | Villager (Male) |
| 14:18 | Build | Farm |
| 14:22 | Build | Farm |
| 14:28 | Create | Villager (Male) |
| 14:58 | Create | Villager (Male) |
| 15:08 | Build | Monastery |
| 15:12 | Create | Villager (Male) |
| 15:21 | Build | Farm |
| 15:25 | Create | Villager (Male) |
| 15:25 | Create | Villager (Male) |
| 15:34 | Build | House |
| 15:38 | Create | Villager (Male) |
| 15:48 | Build | Farm |
| 15:50 | Build | Farm |
| 16:04 | Create | Villager (Male) |
| 16:05 | Create | Villager (Male) |
| 16:21 | Build | House |
| 16:23 | Create | Villager (Male) |
| 16:29 | Create | Monk |
| 16:36 | Build | House |
| 16:38 | Create | Villager (Male) |
| 16:49 | Build | Town Center |
| 16:57 | Build | Town Center |
| 16:59 | Create | Villager (Male) |
| 16:59 | Create | Villager (Male) |
| 17:04 | Build | House |
| 17:09 | Build | Farm |
| 17:11 | Build | Farm |
| 17:25 | Create | Villager (Male) |
| 17:25 | Create | Villager (Male) |
| 17:33 | Build | House |
| 17:39 | Build | Farm |
| 17:45 | Create | Villager (Male) |
| 17:45 | Create | Villager (Male) |
| 17:49 | Build | House |
| 17:57 | Create | Monk |
| 18:03 | Build | House |
| 18:23 | Build | Town Center |
| 18:25 | Create | Villager (Male) |
| 18:25 | Create | Villager (Male) |
| 18:25 | Create | Villager (Male) |
| 18:26 | Create | Villager (Male) |
| 18:36 | Build | Farm |
| 18:38 | Create | Villager (Male) |
| 18:40 | Build | House |
| 18:51 | Create | Villager (Male) |
| 18:57 | Build | Farm |
| 18:59 | Build | Farm |
| 19:02 | Create | Villager (Male) |
| 19:11 | Build | House |
| 19:13 | Create | Villager (Male) |
| 19:17 | Build | Farm |
| 19:21 | Build | Farm |
| 19:25 | Build | Farm |
| 19:27 | Create | Villager (Male) |
| 19:32 | Build | Farm |
| 19:34 | Build | Farm |
| 19:38 | Create | Villager (Male) |
| 19:38 | Create | Villager (Male) |
| 19:53 | Build | House |
| 19:54 | Create | Monk |
| 20:00 | Create | Villager (Male) |
| 20:01 | Create | Villager (Male) |
| 20:04 | Build | Farm |
| 20:05 | Build | Farm |
| 20:07 | Build | Farm |
| 20:09 | Build | Farm |
| 20:10 | Create | Villager (Male) |
| 20:11 | Create | Villager (Male) |
| 20:27 | Build | House |
| 20:28 | Build | House |
| 20:36 | Research | Wheelbarrow |
| 20:40 | Build | Farm |
| 20:43 | Create | Villager (Male) |
| 20:46 | Build | Farm |
| 20:47 | Create | Villager (Male) |
| 20:51 | Build | Farm |
| 20:54 | Build | Farm |
| 21:00 | Build | Farm |
| 21:03 | Build | Farm |
| 21:04 | Create | Villager (Male) ×2 |
| 21:07 | Build | Farm |
| 21:34 | Research | Bow Saw |
| 21:34 | Research | Bow Saw |
| 21:35 | Create | Villager (Male) ×3 |
| 21:39 | Build | House |
| 21:40 | Build | House |
| 21:46 | Build | Farm |
| 21:50 | Build | Mining Camp |
| 21:52 | Create | Villager (Male) |
| 21:53 | Create | Villager (Male) |
| 21:56 | Build | Farm |
| 21:59 | Build | Farm |
| 22:04 | Build | Farm |
| 22:06 | Build | Farm |
| 22:09 | Create | Villager (Male) |
| 22:09 | Create | Villager (Male) |
| 22:10 | Create | Villager (Male) |
| 22:10 | Create | Villager (Male) |
| 22:10 | Create | Villager (Male) |
| 22:11 | Create | Villager (Male) |
| 22:16 | Build | Farm |
| 22:20 | Build | Farm |
Match timeline
| 6:27 | abcdefghijklmnopq_stuvwxyz · first_building Barracks |
| 7:37 | _xRegulusx_ · first_building Barracks |
| 8:23 | The Bloody-Nine · first_building Barracks |
| 9:16 | The Bloody-Nine · age_up feudal |
| 9:17 | _xRegulusx_ · age_up feudal |
| 9:17 | Dots · age_up feudal |
| 9:18 | _xRegulusx_ · first_building Stable |
| 9:21 | The Bloody-Nine · first_building Stable |
| 9:25 | abcdefghijklmnopq_stuvwxyz · age_up feudal |
| 9:46 | Buhr · wall_segment Palisade Wall x7 |
| 9:47 | PedrodeMatos · age_up feudal |
| 9:52 | abcdefghijklmnopq_stuvwxyz · wall_segment Stone Wall x22 |
| 9:53 | Buhr · wall_segment Palisade Wall x15 |
| 10:30 | Buhr · wall_segment Palisade Wall x1 |
| 10:31 | Buhr · wall_segment Palisade Wall x1 |
| 10:46 | Buhr · wall_segment Palisade Wall x1 |
| 10:47 | Buhr · wall_segment Palisade Wall x1 |
| 10:49 | Buhr · wall_segment Palisade Wall x1 |
| 10:50 | Buhr · wall_segment Palisade Wall x1 |
| 11:29 | Buhr · age_up feudal |
| 11:52 | Buhr · wall_segment Palisade Wall x1 |
| 12:59 | PedrodeMatos · wall_segment Palisade Wall x1 |
| 13:01 | PedrodeMatos · wall_segment Palisade Wall x1 |
| 13:02 | PedrodeMatos · wall_segment Palisade Wall x1 |
| 13:14 | Supremo21 · age_up feudal |
| 13:21 | Dots · age_up castle |
| 13:27 | Supremo21 · wall_segment Palisade Wall x1 |
| 13:31 | Supremo21 · wall_segment Palisade Wall x1 |
| 13:45 | PedrodeMatos · age_up castle |
| 13:51 | PedrodeMatos · first_building Monastery |
| 14:02 | Dots · first_market_buy 100 stone |
| 14:55 | PedrodeMatos · wall_segment Palisade Wall x1 |
| 14:58 | PedrodeMatos · wall_segment Palisade Wall x1 |
| 15:08 | Dots · first_building Monastery |
| 15:16 | A Mongolito · first_market_buy 100 stone |
| 15:41 | Buhr · age_up castle |
| 15:52 | _xRegulusx_ · wall_segment Palisade Wall x1 |
| 16:08 | PedrodeMatos · first_market_buy 100 food |
| 16:11 | _xRegulusx_ · wall_segment Palisade Wall x1 |
| 16:49 | Supremo21 · age_up castle |
| 17:16 | _xRegulusx_ · wall_segment Palisade Wall x1 |
| 17:25 | Supremo21 · first_building Siege Workshop |
| 19:02 | _xRegulusx_ · age_up castle |
| 19:24 | The Bloody-Nine · first_market_buy 100 stone |
| 19:45 | The Bloody-Nine · age_up castle |
| 20:21 | abcdefghijklmnopq_stuvwxyz · age_up castle |
| 21:15 | Supremo21 · age_up imperial |
| 21:34 | abcdefghijklmnopq_stuvwxyz · first_building Monastery |
| 21:42 | The Bloody-Nine · first_building Monastery |
| 22:00 | PedrodeMatos · wall_segment Palisade Wall x1 |
| 22:01 | PedrodeMatos · wall_segment Palisade Wall x1 |
| 22:02 | Supremo21 · first_building Barracks |
| 22:03 | PedrodeMatos · wall_segment Palisade Wall x1 |
| 22:12 | abcdefghijklmnopq_stuvwxyz · first_building Siege Workshop |
| 22:40 | Supremo21 · first_building Archery Range |
| 23:02 | Dots · first_building Siege Workshop |
| 23:38 | Supremo21 · first_market_sell 500 stone |
| 23:39 | Supremo21 · first_market_buy 100 wood |
| 25:19 | A Mongolito · first_building Barracks |
| 25:19 | Dots · first_market_sell 100 wood |
| 25:35 | Dots · first_building Barracks |
| 25:46 | The Bloody-Nine · wall_segment Stone Wall x35 |
| 25:47 | abcdefghijklmnopq_stuvwxyz · first_market_sell 100 food |
| 25:48 | abcdefghijklmnopq_stuvwxyz · first_market_buy 100 stone |
| 25:58 | A Mongolito · first_building Monastery |
| 26:03 | PedrodeMatos · first_building Barracks |
| 26:05 | A Mongolito · first_market_sell 100 food |
| 26:36 | Dots · first_building Stable |
| 26:43 | Buhr · first_building Castle |
| 26:45 | A Mongolito · first_building Archery Range |
| 27:05 | Dots · first_building Archery Range |
| 27:08 | PedrodeMatos · first_building Siege Workshop |
| 27:08 | Supremo21 · first_building Monastery |
| 27:19 | Dots · first_building Castle |
| 27:40 | Buhr · first_building Monastery |
| 28:14 | _xRegulusx_ · first_building Monastery |
| 28:41 | Dots · age_up imperial |
| 29:17 | The Bloody-Nine · first_building Castle |
| 29:27 | A Mongolito · first_building Castle |
| 29:31 | PedrodeMatos · age_up imperial |
| 29:33 | Buhr · first_building Barracks |
| 29:33 | PedrodeMatos · first_building Castle |
| 29:54 | The Bloody-Nine · first_building Siege Workshop |
| 30:35 | Buhr · first_building Archery Range |
| 30:38 | _xRegulusx_ · first_building Castle |
| 31:08 | Buhr · first_building Stable |
| 31:12 | Buhr · age_up imperial |
| 31:53 | Buhr · first_market_sell 500 food |
| 33:28 | The Bloody-Nine · age_up imperial |
| 34:02 | Buhr · first_building Siege Workshop |
| 34:18 | _xRegulusx_ · age_up imperial |
| 35:15 | abcdefghijklmnopq_stuvwxyz · age_up imperial |
| 35:45 | The Bloody-Nine · first_market_sell 100 food |
| 36:05 | PedrodeMatos · first_market_sell 500 food |
| 38:30 | Supremo21 · first_building Stable |
| 40:52 | Supremo21 · first_building Castle |
| 41:09 | abcdefghijklmnopq_stuvwxyz · first_building Archery Range |
| 41:32 | The Bloody-Nine · tribute_sent a jugador 1 |
| 41:32 | The Bloody-Nine · tribute_sent a jugador 2 |
| 41:32 | The Bloody-Nine · tribute_sent a jugador 3 |
| 41:32 | The Bloody-Nine · tribute_sent a jugador 5 |
| 41:32 | The Bloody-Nine · tribute_sent a jugador 6 |
| 41:32 | The Bloody-Nine · tribute_sent a jugador 7 |
| 41:32 | The Bloody-Nine · tribute_sent a jugador 8 |
| 43:54 | Buhr · tribute_sent a jugador 1 |
| 43:54 | Buhr · tribute_sent a jugador 2 |
| 43:54 | Buhr · tribute_sent a jugador 4 |
| 43:54 | Buhr · tribute_sent a jugador 5 |
| 43:54 | Buhr · tribute_sent a jugador 6 |
| 43:54 | Buhr · tribute_sent a jugador 7 |
| 43:54 | Buhr · tribute_sent a jugador 8 |
| 47:08 | Buhr · tribute_sent a jugador 1 |
| 47:08 | Buhr · tribute_sent a jugador 2 |
| 47:08 | Buhr · tribute_sent a jugador 4 |
| 47:08 | Buhr · tribute_sent a jugador 5 |
| 47:08 | Buhr · tribute_sent a jugador 6 |
| 47:08 | Buhr · tribute_sent a jugador 7 |
| 47:08 | Buhr · tribute_sent a jugador 8 |
| 47:31 | PedrodeMatos · tribute_sent a jugador 2 |
| 47:31 | PedrodeMatos · tribute_sent a jugador 3 |
| 47:31 | PedrodeMatos · tribute_sent a jugador 4 |
| 47:31 | PedrodeMatos · tribute_sent a jugador 5 |
| 47:31 | PedrodeMatos · tribute_sent a jugador 6 |
| 47:31 | PedrodeMatos · tribute_sent a jugador 7 |
| 47:31 | PedrodeMatos · tribute_sent a jugador 8 |
| 47:31 | Buhr · tribute_sent a jugador 1 |
| 47:31 | Buhr · tribute_sent a jugador 2 |
| 47:31 | Buhr · tribute_sent a jugador 4 |
| 47:31 | Buhr · tribute_sent a jugador 5 |
| 47:31 | Buhr · tribute_sent a jugador 6 |
| 47:31 | Buhr · tribute_sent a jugador 7 |
| 47:31 | Buhr · tribute_sent a jugador 8 |
| 48:36 | Buhr · tribute_sent a jugador 1 |
| 48:36 | Buhr · tribute_sent a jugador 2 |
| 48:36 | Buhr · tribute_sent a jugador 4 |
| 48:36 | Buhr · tribute_sent a jugador 5 |
| 48:36 | Buhr · tribute_sent a jugador 6 |
| 48:36 | Buhr · tribute_sent a jugador 7 |
| 48:36 | Buhr · tribute_sent a jugador 8 |
| 49:14 | _xRegulusx_ · first_market_buy 100 stone |
| 50:08 | Buhr · tribute_sent a jugador 1 |
| 50:08 | Buhr · tribute_sent a jugador 2 |
| 50:08 | Buhr · tribute_sent a jugador 4 |
| 50:08 | Buhr · tribute_sent a jugador 5 |
| 50:08 | Buhr · tribute_sent a jugador 6 |
| 50:08 | Buhr · tribute_sent a jugador 7 |
| 50:08 | Buhr · tribute_sent a jugador 8 |
| 50:20 | Buhr · tribute_sent a jugador 1 |
| 50:20 | Buhr · tribute_sent a jugador 2 |
| 50:20 | Buhr · tribute_sent a jugador 4 |
| 50:20 | Buhr · tribute_sent a jugador 5 |
| 50:20 | Buhr · tribute_sent a jugador 6 |
| 50:20 | Buhr · tribute_sent a jugador 7 |
| 50:20 | Buhr · tribute_sent a jugador 8 |
| 51:00 | abcdefghijklmnopq_stuvwxyz · resign |
| 52:32 | Buhr · tribute_sent a jugador 1 |
| 52:32 | Buhr · tribute_sent a jugador 2 |
| 52:32 | Buhr · tribute_sent a jugador 4 |
| 52:32 | Buhr · tribute_sent a jugador 5 |
| 52:32 | Buhr · tribute_sent a jugador 6 |
| 52:32 | Buhr · tribute_sent a jugador 7 |
| 52:32 | Buhr · tribute_sent a jugador 8 |
| 57:33 | Buhr · tribute_sent a jugador 1 |
| 57:33 | Buhr · tribute_sent a jugador 2 |
| 57:33 | Buhr · tribute_sent a jugador 4 |
| 57:33 | Buhr · tribute_sent a jugador 5 |
| 57:33 | Buhr · tribute_sent a jugador 6 |
| 57:33 | Buhr · tribute_sent a jugador 7 |
| 57:33 | Buhr · tribute_sent a jugador 8 |
| 57:33 | PedrodeMatos · tribute_sent a jugador 2 |
| 57:33 | PedrodeMatos · tribute_sent a jugador 3 |
| 57:33 | PedrodeMatos · tribute_sent a jugador 4 |
| 57:33 | PedrodeMatos · tribute_sent a jugador 5 |
| 57:33 | PedrodeMatos · tribute_sent a jugador 6 |
| 57:33 | PedrodeMatos · tribute_sent a jugador 7 |
| 57:33 | PedrodeMatos · tribute_sent a jugador 8 |
| 57:42 | Buhr · tribute_sent a jugador 1 |
| 57:42 | Buhr · tribute_sent a jugador 2 |
| 57:42 | Buhr · tribute_sent a jugador 4 |
| 57:42 | Buhr · tribute_sent a jugador 5 |
| 57:42 | Buhr · tribute_sent a jugador 6 |
| 57:42 | Buhr · tribute_sent a jugador 7 |
| 57:42 | Buhr · tribute_sent a jugador 8 |
| 58:34 | Buhr · first_market_buy 100 stone |
| 59:44 | PedrodeMatos · tribute_sent a jugador 2 |
| 59:44 | PedrodeMatos · tribute_sent a jugador 3 |
| 59:44 | PedrodeMatos · tribute_sent a jugador 4 |
| 59:44 | PedrodeMatos · tribute_sent a jugador 5 |
| 59:44 | PedrodeMatos · tribute_sent a jugador 6 |
| 59:44 | PedrodeMatos · tribute_sent a jugador 7 |
| 59:44 | PedrodeMatos · tribute_sent a jugador 8 |
[ AI ANALYSIS · 1 CREDIT ]
What really happened in this match?
Wolo.gg analyzes every decision: build order, eco, micro, common mistakes by bracket. Personalized analysis on WhatsApp or Discord in 30 seconds.
Civ guide
Britons
Perfil
A Mongolito